 Dungeon Crawl Stone Soup version 0.29-a0-517-gbdf32494f2 (webtiles) character file.

Game seed: 3035469601631874954

4088 happo123 the Jinx (level 10, -5/44 (51) HPs)
             Began as a Vine Stalker Enchanter on May 31, 2022.
             Was a Follower of Fedhas.
             Slain by a killer bee (6 damage)
             ... on level 7 of the Dungeon.
             The game lasted 00:41:24 (7029 turns).

happo123 the Jinx (Vine Stalker Enchanter)          Turns: 7029, Time: 00:41:25

HP:   -5/44 (51)    AC:  7    Str: 11    XL:     10   Next: 26%
MP:   0/17          EV: 14    Int: 21    God:    Fedhas [*.....]
Gold: 332           SH:  0    Dex: 15    Spells: 6/17 levels left

rFire   + . .      SeeInvis .   M - +1 rapier of a ziggurat {elec, rN+ Int+2}
rCold   x . .      Faith    .   (no shield)
rNeg    + . .      Spirit   +   b - +0 robe
rPois   .          Reflect  .   (no helmet)
rElec   .          Harm     .   G - +0 cloak
rCorr   .          Rampage  .   (no gloves)
Will    +....                   (no boots)
Stlth   ++++......              L - amulet of regeneration
HPRegen 1.74/turn               q - +4 ring of protection
MPRegen 0.15/turn               t - ring of fire

@: lethally poisoned (-5 -> -9), heavily drained
A: fangs 3, regeneration 1, magic shield, antimagic bite, no potion heal 2
a: Renounce Religion


You were on level 7 of the Dungeon.
You worshipped Fedhas.
Fedhas was aware of your devotion.
You visited 2 branches of the dungeon, and saw 9 of its levels.
You also visited: Sewer and Ossuary.

You collected 332 gold pieces.

Inventory:

Hand Weapons
 a - a +1 dagger
 r - a +2 short sword of speed
 K - a +0 hand crossbow
 M - the +1 rapier of a ziggurat (weapon) {elec, rN+ Int+2}
   (You found it on level 7 of the Dungeon)

   It occasionally discharges a powerful burst of electricity upon striking a
   foe.
   Int:       It affects your intelligence (+2).
   rN:        It protects you from negative energy.
Armour
 b - a +0 robe (worn)
 G - a +0 cloak (worn)
Jewellery
 g - an amulet of faith
 h - an amulet of magic regeneration
 q - a +4 ring of protection (left hand)
 t - a ring of fire (right hand)
 L - an amulet of regeneration (around neck)
Wands
 s - a wand of polymorph (5)
 D - a wand of flame (15)
 F - a wand of paralysis (5)
 N - a wand of iceblast (21)
Scrolls
 d - a scroll of silence {unknown}
 e - 4 scrolls of enchant armour
 f - 3 scrolls of noise {unknown}
 i - 3 scrolls of fear
 k - 2 scrolls of summoning {unknown}
 l - 2 scrolls of identify
 n - a scroll of blinking {unknown}
 x - 2 scrolls of magic mapping {unknown}
 y - 2 scrolls of teleportation {unknown}
 A - a scroll of vulnerability {unknown}
 C - a scroll of poison {unknown}
 I - 2 scrolls of brand weapon {unknown}
Potions
 c - 7 potions of invisibility
 j - 6 potions of haste
 m - 5 potions of cancellation
 o - 7 potions of curing {unknown}
 p - a potion of berserk rage {unknown}
 u - 2 potions of lignification {unknown}
 v - a potion of brilliance {unknown}
 w - 2 potions of heal wounds {unknown}
 z - 3 potions of might {unknown}
 B - a potion of degeneration {unknown}
 E - a potion of mutation {unknown}
 H - a potion of magic {unknown}
 J - a potion of experience {unknown}


   Skills:
 + Level 5.0 Fighting
 + Level 5.0 Short Blades
 + Level 4.9 Dodging
 + Level 8.2 Stealth
 + Level 4.4 Spellcasting
 * Level 8.6 Hexes
 + Level 2.1 Invocations


You had 6 spell levels left.
You knew the following spells:

 Your Spells              Type           Power      Damage    Failure   Level
a - Ensorcelled Hibernat  Hex/Ice        44%        N/A       3%          2
b - Confusing Touch       Hex            41%        N/A       1%          3
c - Tukima's Dance        Hex            41%        N/A       1%          3
d - Dazzling Flash        Conj/Hex       44%        N/A       6%          3

Your spell library contained the following spells:

 Spells                   Type           Power      Damage    Failure   Level
 Poisonous Vapours        Pois/Air       8%         N/A       17%         2
 Corpse Rot               Necr/Pois/Air  4%         N/A       75%         4
 Dispel Undead            Necr           4%         3d7       75%         4
 Death Channel            Necr           2%         N/A       100%        6


Dungeon Overview and Level Annotations

Branches:
Dungeon (8/15)             Temple (1/1) D:6           Sewer (visited)
Ossuary (visited)
   Lair: D:8-11

Altars:
Ashenzari
Cheibriados
Dithmenos
Elyvilon
Fedhas
Gozag
Hepliaklqana
Kikubaaqudgha
Makhleb
Nemelex Xobeh
Okawaru
Qazlal
Ru
Sif Muna
Trog
Uskayaw
Vehumet
Wu Jian
Xom
Yredelemnul
Zin
The Shining One

Shops:
D:5 ((

Annotations:
D:8 Psyche


Innate Abilities, Weirdness & Mutations

You have razor-sharp teeth.
Your natural rate of healing is unusually fast.
When hurt, damage is shared between your health and your magic reserves.
Your bite disrupts and absorbs the magic of your enemies.
Potions cannot restore your health.


Message History

The killer bee is no longer blind.
The killer bee misses you. The killer bee stings you. x2
You don't have enough magic to cast this spell.
You barely miss the killer bee. The killer bee closely misses you.
The killer bee barely misses you. The killer bee closely misses you. x2
The orc is no longer blind.
The killer bee misses you. The killer bee closely misses you.
The orc wizard mumbles some strange words.
The orc wizard flickers and vanishes!
Deactivating autopickup; reactivate with Ctrl-A.
The killer bee stings you. x2
The killer bee attacks as you move away!
The killer bee barely misses you.
The killer bee is no longer blind.
The killer bee stings you. The killer bee misses you.
The killer bee attacks as you move away!
The killer bee stings you.
You are poisoned.
The killer bee poisons you!
You feel sick. The killer bee closely misses you. The killer bee misses you.
The killer bee attacks as you move away!
The killer bee misses you.
The killer bee attacks as you move away!
The killer bee closely misses you.
You feel sick. The killer bee barely misses you. The killer bee misses you.
You feel sick. The killer bee barely misses you. The killer bee stings you!
* * * LOW HITPOINT WARNING * * *
You are more poisoned.
The killer bee poisons you!
The killer bee attacks as you move away!
The killer bee stings you but does no damage.
The killer bee attacks as you move away!
The killer bee stings you.
* * * LOW HITPOINT WARNING * * *
You are lethally poisoned!
The killer bee poisons you!
* * * LOW HITPOINT WARNING * * *
You feel very sick. The killer bee barely misses you.
The killer bee stings you!
You die...
Fedhas appreciates your contribution to the ecosystem.

#......#....#...#
#......#....#...# #
#...........'...+ .
#...........#...# #
#...........#...# ###
#....#.....#...### #######..
#......#######...#######........
#....#....####...##....#........
#....#.....y.oy@.'<....#.....)##
#....#........y..##...........##
#.(...!##..o.....##.......######
#......##........##.......# ###
#.....>...........+.......# #..
#.............#####†......# #..
##.............# #.....### #..
#........####.# #...#....#####
#....#.##.# .# #...#....#....


You could see 3 killer bees and 2 orcs.

Vanquished Creatures
  Pikel (D:5)
  A steam dragon (D:7)
  A water moccasin (D:7)
  Pargi (Sewer)
  2 sky beasts
  A black bear (D:5)
  A hornet zombie (Ossuary)
  An orc warrior (D:7)
  2 ogres
  A centaur (D:7)
  A phantom (D:5)
  A kobold brigand (D:4)
  A lemure (D:5)
  A necrophage (D:7)
  A gnoll sergeant (D:6)
  3 wyvern zombies (Ossuary)
  3 scorpions (D:5)
  2 water moccasin zombies (Ossuary)
  13 wights
  A killer bee (D:7)
  A howler monkey (D:6)
  4 centaur zombies (Ossuary)
  A jelly (D:6)
  4 bullfrog zombies (Ossuary)
  5 hounds
  A gnoll shaman (D:5)
  An orc priest (D:6)
  3 iguanas
  A killer bee zombie (Ossuary)
  18 mummies (Ossuary)
  12 gnolls
  9 adders
  A shadow imp (D:7)
  A white imp (D:7)
  An ufetubus (D:5)
  3 worms
  10 orcs
  8 ball pythons
  9 endoplasms
  2 giant cockroaches
  6 goblins
  4 hobgoblins
  5 jackals
  3 quokkas
  3 bats
  6 frilled lizards
  6 kobolds
  4 rats
171 creatures vanquished.

Vanquished Creatures (others)
  9 withered plants
9 creatures vanquished.

Grand Total: 180 creatures vanquished

Notes
Turn   | Place    | Note
-------+----------+-------------------------------------------
     0 | D:1      | happo123 the Vine Stalker Enchanter began the quest for the
                  | Orb.
     0 | D:1      | Reached XP level 1. HP: 9/9 MP: 4/4
   176 | D:1      | Reached skill level 1 in Short Blades
   483 | D:1      | Reached XP level 2. HP: 10/13 MP: 4/6
   492 | D:1      | Learned a level 2 spell: Ensorcelled Hibernation
  1522 | D:2      | Reached XP level 3. HP: 17/17 MP: 1/7
  1531 | D:2      | Learned a level 3 spell: Confusing Touch
  1548 | D:2      | Found a shimmering blue altar of Sif Muna.
  1947 | D:2      | Reached skill level 1 in Fighting
  2476 | D:3      | Gained mutation: Your natural rate of healing is unusually
                  | fast. [Vine Stalker growth]
  2476 | D:3      | Reached XP level 4. HP: 8/22 MP: 1/8
  2981 | D:3      | Found a faded altar of an unknown god.
  3105 | D:3      | Reached XP level 5. HP: 25/25 MP: 9/9
  3250 | D:3      | Learned a level 3 spell: Tukima's Dance
  3319 | D:4      | Noticed a kobold brigand
  3446 | D:4      | Found a sand-covered staircase.
  3451 | Ossuary  | Entered an ossuary
  3502 | Ossuary  | Reached XP level 6. HP: 21/30 MP: 10/10
  3524 | Ossuary  | Reached skill level 5 in Stealth
  3569 | Ossuary  | Reached skill level 5 in Hexes
  3578 | Ossuary  | Reached XP level 7. HP: 15/35 MP: 6/11
  3713 | Ossuary  | Gained mutation: You have razor-sharp teeth. [Vine Stalker
                  | growth]
  3713 | Ossuary  | Reached XP level 8. HP: 39/40 MP: 10/12
  3979 | Ossuary  | Learned a level 3 spell: Dazzling Flash
  4017 | D:4      | Found an ancient bone altar of Kikubaaqudgha.
  4506 | D:5      | Entered Level 5 of the Dungeon
  4530 | D:5      | Noticed Pikel
  4570 | D:5      | Killed Pikel
  4571 | D:5      | Reached XP level 9. HP: 42/45 MP: 14/14
  4603 | D:5      | Found Ceti's Weapon Shoppe.
  4722 | D:5      | Found Quninoz's Antique Weapon Shop.
  5755 | D:6      | Found a glowing drain.
  5768 | Sewer    | Entered a sewer
  5834 | Sewer    | Noticed Pargi
  5850 | Sewer    | Killed Pargi
  6004 | D:6      | Found a staircase to the Ecumenical Temple.
  6011 | Temple   | Entered the Ecumenical Temple
  6084 | Temple   | Became a worshipper of Fedhas Madash
  6212 | D:6      | Reached skill level 1 in Invocations
  6624 | D:7      | Reached XP level 10. HP: 35/51 MP: 8/17
  6633 | D:7      | Reached * piety under Fedhas
  6754 | D:7      | Reached skill level 5 in Short Blades
  6852 | D:7      | Identified the +1 rapier of a ziggurat {elec, rN+ Int+2}
  6973 | D:7      | Reached skill level 5 in Fighting
  7014 | D:8      | Noticed Psyche
  7029 | D:7      | HP: 1/44 [poisoned by a killer bee]
  7029 | D:7      | Slain by a killer bee

Illustrated notes

Levels and vault maps discovered:
D:1:      dpeg_arrival_windows_large_door, layout_basic,
          kennysheep_small_spiral, minivault_19
D:2:      layout_basic, basic_altar, st_stairs_12, minmay_misc_feat_nine_boxes
D:3:      layout_basic, chequers_ecumenical_altar_simple
D:4:      layout_basic, kiku_gazebo_garden_becter,
          lightli_ossuary_entry_decrepit_ruins, kennysheep_donut
D:5:      layout_cave_pods, serial_shops, shop, nicolae_shop_statue_plus,
          grunt_ministairs_6, minmay_liquid_box, uniq_pikel
D:6:      layout_loops_ring, minmay_temple_entry_proselytizer,
          cheibrodos_sewer_entry_bend, hangedman_decor_clover_reticule,
          nicolae_concentric_dashed_squares_wild
D:7:      layout_basic, serial_shops, nicolae_take_the_stairs, st_stairs_3
D:8:      layout_basic, minmay_lair_entry_grove, uniq_psyche, uniq_joseph
Temple:   compressed_dpeg_circular_temple

Skill      XL: |  1  2  3  4  5  6  7  8  9 10 |
---------------+-------------------------------+-----
Short Blades   | 1 2 3 4 5 |  5.0
Stealth        | 4 5 7 8 |  8.2
Fighting       | 1 2 3 4 5 |  5.0
Dodging        | 2 3 4 |  4.9
Hexes          | 4 5 7 8 |  8.6
Spellcasting   | 3 4 |  4.4
Invocations    | 1 2 |  2.1

Action                   |  1- 3 |  4- 6 |  7- 9 | 10-12 || total
-------------------------+-------+-------+-------+-------++-------
Melee: Dagger            |    70 |    37 |       |       ||   107
       Bite              |    11 |    48 |    95 |    13 ||   167
       Short sword       |       |    78 |   265 |    39 ||   382
       Punch             |       |       |     3 |       ||     3
       Rapier            |       |       |       |     6 ||     6
 Cast: Ensorcelled Hiber |    28 |    27 |    57 |     9 ||   121
       Confusing Touch   |       |    15 |    42 |    12 ||    69
       Dazzling Flash    |       |       |       |     1 ||     1
  Use: Scroll            |       |       |     4 |       ||     4
 Stab: Sleeping          |    23 |    22 |    46 |     7 ||    98
       Confused          |       |     6 |    30 |     6 ||    42
       Distracted        |       |       |     3 |       ||     3
Armor: Robe              |     8 |     9 |    50 |    16 ||    83
Dodge: Dodged            |    43 |    33 |   117 |    60 ||   253

Table legend: (Time is in decaauts)
 A = Elapsed time spent in this place.
 B = Non-inter-level travel time spent in this place.
 C = Inter-level travel time spent in this place.
 D = Time resting spent in this place.
 E = Time spent auto-exploring this place.
 F = Levels seen in this place.
 G = Mean time per level.
                   A        B        C        D        E       F      G
               +--------+--------+--------+--------+--------+-----+--------+
         Total |   6930 |   6146 |    784 |     84 |   4343 |  11 |  630.0 |
       Dungeon |   6139 |   5368 |    771 |     24 |   4234 |   8 |  767.4 |
        Temple |    101 |     88 |     13 |     16 |      0 |   1 |  101.0 |
         Sewer |    220 |    220 |      0 |      0 |     96 |   1 |  220.0 |
       Ossuary |    469 |    469 |      0 |     44 |     12 |   1 |  469.0 |
               +--------+--------+--------+--------+--------+-----+--------+

Top non-repeatable levels by time:
     D:1: 1458 daAuts
     D:5: 1000 daAuts
     D:3: 945 daAuts
     D:2: 859 daAuts
     D:6: 750 daAuts
     D:4: 696 daAuts
 Ossuary: 469 daAuts
     D:7: 426 daAuts
   Sewer: 220 daAuts
  Temple: 101 daAuts
     D:8: 2 daAuts
